 Dungeon Crawl Stone Soup version 0.21.1-1-g345015f (webtiles) character file.

2622 cathy the Carver (level 9, -1/69 HPs)
             Began as a Demonspawn Wanderer on June 3, 2018.
             Was a Priest of Ashenzari.
             Slain by a killer bee (7 damage)
             ... on level 8 of the Dungeon.
             The game lasted 00:51:33 (7486 turns).

cathy the Carver (Demonspawn Wanderer)              Turns: 7486, Time: 00:51:34

Health: -1/69      AC:  4    Str: 11    XL:     9   Next: 34%
Magic:  9/9        EV: 14    Int: 20    God:    Ashenzari [***...]
Gold:   350        SH:  4    Dex: 18    Spells: 8/8 levels left

rFire    + + .     SeeInvis +   a - +7 falchion (curse)
rCold    . . .     Gourm    .   n - +0 buckler
rNeg     . . .     Faith    .   K - +0 leather armour
rPois    .         Spirit   .   (helmet restricted)
rElec    .         Reflect  .   (no cloak)
rCorr    .         Harm     .   l - +0 pair of gloves (curse)
MR       .....                  (no boots)
Stlth    ++........             (no amulet)
HPRegen  0.21/turn              j - +3 ring of intelligence
MPRegen  0.11/turn              y - ring of protection from fire (curse)

@: lethally poisoned (-1 -> -16), hasted, very quick
A: hooves 1, horns 1, agile 1, clever 1, fire resistance 1, sense surroundings
1, powered by death 2, sturdy frame 1
a: Curse Item, Scrying, Renounce Religion


You were on level 8 of the Dungeon.
You worshipped Ashenzari.
Ashenzari was most pleased with you.
You were not hungry.

You visited 2 branches of the dungeon, and saw 9 of its levels.

You collected 350 gold pieces.

Inventory:

Hand Weapons
 a - a cursed +7 falchion (weapon)
 c - a +0 spear
 g - a +1 spear of pain
 h - a +0 short sword
 m - a +0 war axe
 u - a +3 dagger of chaos
 B - a +1 dagger of holy wrath
 C - a +1 long sword of flaming
Missiles
 r - 3 throwing nets (quivered)
 J - 5 tomahawks
Armour
 k - a +0 leather armour
 l - a cursed +0 pair of gloves (worn)
 n - a +0 buckler (worn)
 D - a +0 leather armour
 E - the +1 robe of Classification {Str+3}
   (You found it on level 4 of the Dungeon)

   It affects your strength (+3).
 K - a +0 leather armour (worn)
Jewellery
 j - a +3 ring of intelligence (left hand)
 s - a cursed +3 ring of intelligence
 x - an uncursed ring of stealth
 y - a cursed ring of protection from fire (right hand)
Wands
 H - a wand of acid (12)
Scrolls
 b - 5 scrolls of teleportation
 e - 2 scrolls of random uselessness
 f - a scroll of blinking
 q - 4 scrolls of noise
 w - a scroll of identify
 A - a scroll of enchant armour {unknown}
 F - 2 scrolls of vulnerability {unknown}
 I - 2 scrolls of amnesia
Potions
 i - a potion of cancellation {unknown}
 o - 3 potions of curing
 p - a potion of heal wounds {unknown}
 t - 5 potions of haste
 v - a potion of lignification
 G - a potion of flight {unknown}
Comestibles
 d - 15 rations


   Skills:
 + Level 5.8 Fighting
 + Level 1.0(5.3) Short Blades
 + Level 8.4(11.3) Long Blades
 + Level 1.3 Throwing
 + Level 4.2 Armour
 + Level 4.4 Dodging
 + Level 2.9 Stealth
 + Level 0.2 Shields
 + Level 1.0 Evocations


You had 8 spell levels left.
You didn't know any spells.

Dungeon Overview and Level Annotations

Branches:
Dungeon (8/15)             Temple (1/1) D:7
   Lair: D:8-11

Altars:
Ashenzari
Cheibriados
Dithmenos
Elyvilon
Fedhas
Gozag
Hepliaklqana
Kikubaaqudgha
Makhleb
Qazlal
Ru
Sif Muna
Uskayaw
Vehumet
Wu Jian
Xom
Yredelemnul
Zin
The Shining One

Shops:
D:6 (

Annotations:
D:7 exclusion: statue


Innate Abilities, Weirdness & Mutations

You have a pair of small horns on your head.
You regenerate health from kills.
Your movements are slightly less encumbered by armour. (ER -2)
You have large cloven feet.
You are agile. (Dex +2)
Your mind is acute. (Int +2)
Your flesh is heat resistant. (rF+)
You passively map a small area around you.


Message History

You are more poisoned.
The killer bee poisons you!
You feel sick.
The killer bee stings you but does no damage.
The killer bee closely misses you.
You riposte.
You hit the killer bee. Your kick misses the killer bee.
The killer bee is almost dead.
* * * LOW HITPOINT WARNING * * *
You feel sick. The killer bee misses you. You block the killer bee's attack.
The killer bee stings you.
* * * LOW HITPOINT WARNING * * *
The killer bee stings you.
* * * LOW HITPOINT WARNING * * *
You are more poisoned.
The killer bee poisons you! The killer bee stings you.
* * * LOW HITPOINT WARNING * * *
You feel yourself speed up.
* * * LOW HITPOINT WARNING * * *
You feel sick. The killer bee stings you!
You die...

##.# ###..####.. ,
**#.##*.......#.#
,* ##.##*#..##.#.#
* , #.÷.###..#<...#
*{*##............##
######...[.†..## *
#......>..#### **,
#....yyy......
#.....@...###. * *
* #........## _ ,
#.#.....## *
#.##...## #.###.##
* * ..# #.# , * #
#.# * #.. , ,,,,,.#
, *


You could see 3 killer bees.

Vanquished Creatures
  Pikel (D:6)
  Psyche (D:8)
  Eustachio (D:5)
  An orc warrior (D:6)
  A slave (D:6)
  2 phantoms
  A centaur (D:5)
  2 ogres
  A gnoll sergeant (D:7)
  A water moccasin zombie (D:6)
  2 killer bees (D:8)
  4 howler monkeys
  A crimson imp (D:4)
  3 hounds
  An orc priest (D:3)
  Jessica (D:3)
  5 orc wizards
  2 iguanas
  Natasha (D:3)
  2 worker ants
  2 ogre zombies (D:6)
  A worker ant zombie (D:6)
  Robin (D:3)
  11 gnolls
  8 adders
  2 orc zombies (D:6)
  2 shadow imps
  An ooze (D:3)
  An adder zombie (D:5)
  2 adder skeletons
  2 worms (D:2)
  2 dart slugs (D:1)
  5 leopard geckos
  18 orcs
  6 giant cockroaches
  12 goblins
  10 hobgoblins
  11 kobolds
  A quokka (D:7)
  A ball python (D:1)
  9 bats
  2 frilled lizards (D:1)
  2 gnoll zombies (D:7)
  A jackal skeleton (D:4)
  A leopard gecko skeleton (D:6)
  8 rats
156 creatures vanquished.

Vanquished Creatures (others)
  A slave (D:6)
  A crimson imp (D:6)
  An orc priest (D:6)
  An orc (D:6)
4 creatures vanquished.

Grand Total: 160 creatures vanquished

Notes
Turn   | Place    | Note
-------+----------+-------------------------------------------
     0 | D:1      | cathy the Demonspawn Wanderer began the quest for the Orb.
     0 | D:1      | cathy set off with: a +2 falchion, 2 scrolls of teleportation, a +0 robe, a ration
     0 | D:1      | Reached XP level 1. HP: 18/18 MP: 1/1
   307 | D:1      | Gained mutation: Your movements are slightly less encumbered by armour. (ER -2) [demonic ancestry]
   307 | D:1      | Reached XP level 2. HP: 11/24 MP: 2/2
   792 | D:1      | Reached XP level 3. HP: 29/29 MP: 3/3
  1006 | D:1      | Gained mutation: You evolve. [potion of mutation]
  1006 | D:1      | Gained mutation: You have large cloven feet. [potion of mutation]
  1007 | D:1      | Lost mutation: You evolve. [potion of mutation]
  1007 | D:1      | Gained mutation: You are agile. (Dex +2) [potion of mutation]
  1007 | D:1      | Gained mutation: Your flesh is heat resistant. (rF+) [potion of mutation]
  1007 | D:1      | Gained mutation: Your mind is acute. (Int +2) [potion of mutation]
  1007 | D:1      | Gained mutation: You passively map a small area around you. [potion of mutation]
  1588 | D:2      | Reached skill level 2 in Long Blades
  1703 | D:2      | Gained mutation: You regenerate a little health from kills. [demonic ancestry]
  1703 | D:2      | Reached XP level 4. HP: 32/37 MP: 4/4
  2056 | D:3      | Found a faded altar of an unknown god.
  2110 | D:3      | Reached skill level 1 in Armour
  2136 | D:3      | Became a worshipper of Ashenzari the Shackled
  2136 | D:3      | Reached * piety under Ashenzari
  2268 | D:3      | Reached skill level 3 in Long Blades
  2268 | D:3      | Gained mutation: You have a pair of small horns on your head. [demonic ancestry]
  2268 | D:3      | Reached XP level 5. HP: 30/42 MP: 5/5
  2293 | D:3      | Found a snail-covered altar of Cheibriados.
  2370 | D:3      | Noticed Jessica
  2372 | D:3      | Killed Jessica
  2474 | D:3      | Noticed Natasha
  2480 | D:3      | Killed Natasha
  2795 | D:3      | Gained mutation: You regenerate health from kills. [demonic ancestry]
  2795 | D:3      | Reached XP level 6. HP: 48/48 MP: 6/6
  2805 | D:3      | Noticed Robin
  2813 | D:3      | Killed Robin
  2813 | D:3      | Reached skill level 4 in Long Blades
  3422 | D:4      | Got the uncursed robe of Classification {Str+3}
  3433 | D:4      | Identified the +1 robe of Classification {Str+3} (You found it on level 4 of the Dungeon)
  3637 | D:4      | Reached XP level 7. HP: 28/54 MP: 7/7
  3769 | D:4      | Reached skill level 5 in Long Blades
  3862 | D:5      | Entered Level 5 of the Dungeon
  3906 | D:5      | Noticed Eustachio
  3923 | D:5      | Killed Eustachio
  4090 | D:5      | Reached ** piety under Ashenzari
  4263 | D:5      | Found a sacrificial altar of Ru.
  4577 | D:6      | Noticed a water elemental
  4578 | D:6      | Found a stormy altar of Qazlal.
  4584 | D:6      | Noticed an air elemental
  4584 | D:6      | Noticed a fire elemental
  4715 | D:6      | Noticed Pikel
  4736 | D:6      | Killed Pikel
  4736 | D:6      | Reached skill level 5 in Fighting
  4736 | D:6      | Reached skill level 6 in Long Blades
  4736 | D:6      | Reached XP level 8. HP: 21/62 MP: 8/8
  4748 | D:6      | Found Yboel's Weapon Boutique.
  5054 | D:6      | Reached skill level 7 in Long Blades
  5155 | D:6      | Found a transporter.
  5166 | D:6      | Found a transporter.
  5376 | D:6      | Found an ornate altar of the Wu Jian Council.
  5568 | D:6      | Found a hazy altar of Hepliaklqana.
  5780 | D:7      | Found a staircase to the Ecumenical Temple.
  5791 | Temple   | Entered the Ecumenical Temple
  6061 | D:7      | Found a shimmering altar of Xom.
  6086 | D:7      | Found a shattered altar of Ashenzari.
  6361 | D:7      | Reached XP level 9. HP: 44/68 MP: 9/9
  6462 | D:7      | Found a glowing golden altar of the Shining One.
  6933 | D:7      | Found a radiant altar of Vehumet.
  7063 | D:7      | Found a basalt altar of Yredelemnul.
  7291 | D:8      | Reached *** piety under Ashenzari
  7291 | D:8      | Noticed Psyche
  7298 | D:8      | Killed Psyche
  7298 | D:8      | Reached skill level 8 in Long Blades
  7486 | D:8      | Slain by a killer bee

Skill      XL: |  1  2  3  4  5  6  7  8  9 |
---------------+----------------------------+-----
Dodging        | 2 3 4 |  4.4
Long Blades    | 2 3 4 6 7 8 |  8.4
Armour         | 1 2 3 4 |  4.2
Fighting       | 4 5 |  5.8
Stealth        | 2 |  2.9
Short Blades   | |  1.0
Throwing       | |  1.3
Shields        | |  0.2
Evocations     | |  1.0

Action                   |  1- 3 |  4- 6 |  7- 9 || total
-------------------------+-------+-------+-------++-------
Melee: Falchion          |   102 |   137 |   189 ||   428
       Kick              |    10 |    42 |    69 ||   121
       Headbutt          |       |    21 |    44 ||    65
Invok: Curse Item        |       |     1 |     3 ||     4
  Use: Scroll            |     6 |     8 |     2 ||    16
       Potion            |     2 |       |     4 ||     6
 Stab: Sleeping          |     1 |       |     1 ||     2
  Eat: Chunk             |     2 |     1 |       ||     3
       Ration            |       |     2 |     4 ||     6
Armor: Robe              |     4 |       |       ||     4
       Leather armour    |    21 |    26 |    34 ||    81
Dodge: Dodged            |    74 |    84 |   146 ||   304
Block: Buckler           |       |       |    11 ||    11
       Rpst.: Falchion   |    23 |    28 |    44 ||    95
